 Dungeon Crawl Stone Soup version 0.29-a0-194-g6e3aafee17 (webtiles) character file.

Game seed: 14375422034179941146

1222 cyrus the Cleaver (level 8, 0/70 HPs)
             Began as a Hill Orc Fighter on Feb 22, 2022.
             Was a Follower of Beogh.
             Slain by Eustachio
             ... wielding a +2 rapier of speed
              (8 damage)
             ... on level 6 of the Dungeon.
             The game lasted 00:11:56 (9548 turns).

cyrus the Cleaver (Hill Orc Fighter)                Turns: 9548, Time: 00:11:56

Health: 0/70       AC: 15    Str: 19      XL:     8   Next: 47%
Magic:  8/8        EV:  6    Int: 10      God:    Beogh [*.....]
Gold:   294        SH:  0    Dex:  7 (10) Spells: 7/7 levels left

rFire   . . .      SeeInvis .   a - +0 war axe
rCold   . . .      Faith    .   g - orb {*Rage}
rNeg    . . .      Spirit   .   A - +0 plate armour
rPois   .          Reflect  .   t - +1 helmet
rElec   .          Harm     .   w - scarf {shadows}
rCorr   .          Rampage  .   (no gloves)
Will    .....      Rage     20% (no boots)
Stlth   ..........              (no amulet)
HPRegen 0.21/turn               (no ring)
MPRegen 0.11/turn               (no ring)

@: mighty, on berserk cooldown, slowed, very slow
A: no striking features
a: Renounce Religion


You were on level 6 of the Dungeon.
You worshipped Beogh.
Beogh was aware of your devotion.
You visited 1 branch of the dungeon, and saw 6 of its levels.

You collected 294 gold pieces.

Inventory:

Hand Weapons
 a - a +0 war axe (weapon)
Armour
 b - a +0 scale mail
 c - a +0 buckler
 g - an orb of wrath (worn)
 t - a +1 helmet (worn)
 w - a scarf of shadows (worn)
 A - a +0 plate armour (worn)
Jewellery
 k - a ring of flight
 v - a ring of wizardry
 y - a +6 ring of intelligence
 z - a ring of magical power
 B - a ring of protection from fire
Scrolls
 e - 5 scrolls of teleportation {unknown}
 m - 2 scrolls of enchant armour {unknown}
 p - 6 scrolls of identify {unknown}
 r - a scroll of magic mapping {unknown}
 s - 3 scrolls of immolation {unknown}
 u - a scroll of fog {unknown}
 x - a scroll of holy word {unknown}
 C - a scroll of enchant weapon {unknown}
Potions
 f - 3 potions of invisibility {unknown}
 h - 2 potions of mutation {unknown}
 i - 3 potions of flight {unknown}
 j - 2 potions of curing {unknown}
 l - a potion of heal wounds {unknown}
 n - a potion of magic {unknown}
 o - a potion of degeneration {unknown}
 q - a potion of brilliance {unknown}
 D - 2 potions of lignification {unknown}


   Skills:
 + Level 5.6 Fighting
 + Level 9.0 Axes
 + Level 7.0 Armour
 + Level 1.5 Dodging
 + Level 1.1 Stealth
 + Level 3.5 Shields


You had 7 spell levels left.
You didn't know any spells.
Your spell library contained the following spells:

 Spells                   Type           Power      Damage    Failure   Level
 Beastly Appendage        Tmut           0%         N/A       100%        1
 Sting                    Tmut/Pois      0%         1d3       100%        1
 Poisonous Vapours        Pois/Air       0%         N/A       100%        2
 Wereblood                Tmut           0%         N/A       100%        2
 Spider Form              Tmut/Pois      0%         N/A       100%        3
 Leda's Liquefaction      Hex/Erth       0%         N/A       100%        4
 Olgreb's Toxic Radiance  Pois           0%         N/A       100%        4
 Lee's Rapid Deconstruct  Erth           0%         3d5*      100%        5
 Statue Form              Tmut/Erth      0%         N/A       100%        6


Dungeon Overview and Level Annotations

Branches:
Dungeon (6/15)
 Temple: D:4-7

Altars:
Elyvilon
Fedhas
Gozag
Makhleb
Okawaru
Ru

Shops:
D:1 !   D:3 ?

Annotations:
D:6 Eustachio


Message History

Eustachio blinks!
The white imp hits you but does no damage.
You closely miss the ufetubus. You hit the white imp.
You kill the white imp!
The white imp disappears in a puff of smoke!
You hit the white imp.
The ufetubus hits you but does no damage.
The ufetubus closely misses you.
The white imp hits you but does no damage.
The ufetubus hits you but does no damage. x2
The white imp hits you but does no damage.
Unknown command.
You miss the ufetubus. You slash the white imp!
The ufetubus closely misses you. The ufetubus barely misses you.
The ufetubus closely misses you.
The ufetubus hits you but does no damage.
The white imp gestures at you. The puff of frost hits you.
* * * LOW HITPOINT WARNING * * *
The ufetubus barely misses you.
The ufetubus hits you but does no damage.
The white imp hits you but does no damage.
You miss the ufetubus. You slash the white imp!
You kill the white imp!
The white imp disappears in a puff of smoke!
The ufetubus hits you but does no damage. x4
Eustachio casts a spell.
You slash the ufetubus!
You kill the ufetubus!
The ufetubus disappears in a puff of smoke!
You slash Eustachio!
Eustachio is almost dead.
Eustachio hits you with a +2 rapier of speed.
* * * LOW HITPOINT WARNING * * *
Unknown command.
You closely miss Eustachio.
Eustachio is almost dead.
You completely miss the rat.
Eustachio hits you with a +2 rapier of speed!
You die...

#......#
##..#
#........#
#..##
#.........#
##.##
###.........
##.##
##.......##
##..#
#...###
#..##
#...####.##
##....#.##
###@@..#
##r.## ##.#
#.# #.# #.#
#.#


You could see Eustachio and a rat (summoned).

Vanquished Creatures
  2 black bears (D:5)
  2 phantoms
  2 scorpions
  2 water moccasin skeletons
  2 bullfrog zombies (D:5)
  2 centaur zombies
  2 jellies
  A bullfrog skeleton (D:3)
  3 hounds
  A centaur skeleton (D:6)
  3 iguanas
  3 orc wizards
  A killer bee zombie (D:6)
  A hound zombie (D:5)
  6 adders
  An adder skeleton (D:4)
  2 worms
  2 dart slugs
  10 orcs
  6 bats
  7 endoplasms
  4 giant cockroaches
  6 goblins
  7 hobgoblins
  5 quokkas
  5 ball pythons
  12 frilled lizards
  9 kobolds
  5 rats
114 creatures vanquished.

Vanquished Creatures (others)
  A frilled lizard (D:3)
  5 plants (D:5)
6 creatures vanquished.

Grand Total: 120 creatures vanquished

Notes
Turn   | Place    | Note
-------+----------+-------------------------------------------
     0 | D:1      | cyrus the Hill Orc Fighter began the quest for the Orb.
     0 | D:1      | Reached XP level 1. HP: 19/19 MP: 1/1
   261 | D:1      | Reached XP level 2. HP: 15/27 MP: 2/2
  1104 | D:1      | Reached skill level 3 in Axes
  1757 | D:1      | Found Hyumu's Distillery.
  2406 | D:1      | Reached XP level 3. HP: 33/33 MP: 3/3
  2842 | D:2      | Noticed a scorpion
  2850 | D:2      | Killed a scorpion
  2851 | D:2      | Reached skill level 4 in Axes
  2851 | D:2      | Reached XP level 4. HP: 41/41 MP: 4/4
  3200 | D:2      | Found a faded altar of an unknown god.
  3506 | D:3      | Reached XP level 5. HP: 47/47 MP: 5/5
  3904 | D:3      | Found a burning altar of Makhleb.
  3988 | D:3      | Became a worshipper of Beogh the Brigand
  4192 | D:3      | Found an opulent altar of Gozag.
  4288 | D:3      | Found Litucood's Magic Scroll Shop.
  4295 | D:3      | Reached skill level 5 in Axes
  4443 | D:4      | Found an iron altar of Okawaru.
  4474 | D:4      | Found a sacrificial altar of Ru.
  4763 | D:4      | Reached XP level 6. HP: 53/53 MP: 6/6
  5312 | D:4      | Found a white marble altar of Elyvilon.
  5853 | D:4      | Found a blossoming altar of Fedhas.
  5972 | D:5      | Entered Level 5 of the Dungeon
  5980 | D:5      | Reached skill level 6 in Axes
  6278 | D:5      | Reached skill level 5 in Armour
  6278 | D:5      | Reached skill level 1 in Dodging
  6482 | D:5      | Reached XP level 7. HP: 55/60 MP: 7/7
  6816 | D:5      | Reached skill level 5 in Fighting
  6984 | D:5      | Reached skill level 7 in Axes
  6984 | D:5      | Reached skill level 1 in Stealth
  7193 | D:5      | Reached * piety under Beogh
  7651 | D:5      | Reached XP level 8. HP: 55/68 MP: 8/8
  7856 | D:5      | Reached skill level 8 in Axes
  9314 | D:6      | Reached skill level 9 in Axes
  9486 | D:6      | Noticed Eustachio
  9548 | D:6      | Slain by Eustachio

Illustrated notes

Levels and vault maps discovered:
D:1:      minmay_arrival_doors, layout_rooms, serial_co_window_serial,
          co_window_paths_a, co_window_corner_a, co_window_corner_a,
          co_window_of_opportunity_a, co_window_corner_a, co_window_corner_a,
          co_window_cross_1, co_window_paths_c, co_window_2corner,
          co_window_unsneaky_path_e, co_window_corner_b, co_window_sun,
          glass_columns_a, glass_columns_a, glass_columns_b, glass_columns_a,
          serial_shops, nicolae_shop_temple_entry_statues_fountains
D:2:      layout_rooms, shapermc_ecumenical_altar_starsandcircs
D:3:      layout_basic, general_overflow_altar,
          nicolae_gozag_cash_rules_everything_around_me, serial_shops,
          nicolae_lakefront_shop
D:4:      layout_gridville, lemuel_doored_altar,
          mainiacjoe_overflow_cross_hatched,
          nicolae_ru_great_annihilating_truth, nicolae_overflow_crystal_walls,
          nicolae_underground_beach
D:5:      layout_gridville, minivault_24, glass_columns_b,
          hangedman_decor_slide_cut, moated_statue, minmay_lizard_king
D:6:      layout_cave_pods, kennysheep_vampire_church,
          minmay_temple_entry_proselytizer, uniq_eustachio

Skill      XL: |  1  2  3  4  5  6  7  8 |
---------------+-------------------------+-----
Fighting       | 4 5 |  5.6
Axes           | 3 4 5 6 7 9 |  9.0
Armour         | 4 5 6 7 |  7.0
Dodging        | 1 |  1.5
Stealth        | 1 |  1.1
Shields        | |  3.5

Action                   |  1- 3 |  4- 6 |  7- 9 || total
-------------------------+-------+-------+-------++-------
Melee: War axe           |    77 |   160 |   148 ||   385
Invok: Convert to Beogh  |       |     1 |       ||     1
  Use: Potion            |     1 |       |     1 ||     2
 Stab: Paralysed         |       |     1 |       ||     1
Armor: Scale mail        |    60 |    83 |    17 ||   160
       Plate armour      |       |       |   176 ||   176
Dodge: Dodged            |    60 |    71 |    90 ||   221

Table legend: (Time is in decaauts)
 A = Elapsed time spent in this place.
 B = Non-inter-level travel time spent in this place.
 C = Inter-level travel time spent in this place.
 D = Time resting spent in this place.
 E = Time spent auto-exploring this place.
 F = Levels seen in this place.
 G = Mean time per level.
                   A        B        C        D        E       F      G
               +--------+--------+--------+--------+--------+-----+--------+
         Total |  10051 |   9834 |    217 |   5524 |   2973 |   6 | 1675.2 |
       Dungeon |  10051 |   9834 |    217 |   5524 |   2973 |   6 | 1675.2 |
               +--------+--------+--------+--------+--------+-----+--------+

Top non-repeatable levels by time:
     D:1: 2790 daAuts
     D:5: 2225 daAuts
     D:4: 1607 daAuts
     D:6: 1533 daAuts
     D:3: 988 daAuts
     D:2: 906 daAuts
